 Dungeon Crawl Stone Soup version 0.15.2 (webtiles) character file.

701 Krimnash the Ruinous (level 7, 0/36 HPs)
             Began as a Gargoyle Fire Elementalist on Dec 13, 2014.
             Slain by Duvessa
             ... wielding a +0 short sword
              (5 damage)
             ... on Level 4 of the Dungeon.
             The game lasted 00:16:46 (5013 turns).

Krimnash the Ruinous (Gargoyle Fire Elementalist)   Turns: 5013, Time: 00:16:46

HP   0/36        AC  7     Str 12      XL: 7   Next: 66%
MP   2/13        EV 12     Int 17      God:
Gold 332         SH  0     Dex 10      Spells:  3 memorised,  3 levels left

rFire  . . .     SeeInvis .     i - +1 whip (curse)
rCold  . . .     Clarity  .     a - +0 robe (curse)
rNeg   + . .     rCorr    .     (no shield)
rPois  +         rRot     +     (no helmet)
rElec  +         Spirit   .     d - +0 cloak (curse)
SustAb .         Warding  .     (no gloves)
rMut   .         Stasis   .     (no boots)
Gourm  .                        (no amulet)
MR     .....                    (no ring)
                                (no ring)

@: very slightly contaminated, not resistant to hostile enchantments, unstealthy
A: negative energy resistance 1, electricity resistance, unbreathing,
petrification resistance, rot immunity, AC +4
a: no special abilities


You were on level 4 of the Dungeon.
You were full.

You visited 1 branch of the dungeon, and saw 4 of its levels.
You also visited: Ossuary.

You collected 332 gold pieces.

Inventory:

Hand weapons
 i - a cursed +1 whip (weapon)
Armour
 a - a cursed +0 robe (worn)
 d - a cursed +0 cloak (worn)
Magical devices
 o - a wand of confusion (5)
Comestibles
 c - a bread ration
 g - 8 fruits
 j - a meat ration
Scrolls
 p - 2 scrolls of identify
 u - a scroll of teleportation
 v - a scroll of remove curse
Potions
 f - 3 potions of cure mutation {unknown}
 h - 3 potions of heal wounds {unknown}
 k - a potion of beneficial mutation {unknown}
 l - a potion of might
 m - 2 potions of berserk rage
 n - a potion of agility {unknown}
 q - a potion of poison {unknown}
 r - 4 potions of curing {unknown}
 s - a potion of invisibility {unknown}
 t - a potion of haste {unknown}
 w - 2 potions of magic {unknown}
Books
 b - a book of Flames

   Spells                             Type                      Level
   *Flame Tongue                      Conjuration/Fire             1
   Throw Flame                        Conjuration/Fire             2
   *Conjure Flame                     Conjuration/Fire             3
   Inner Flame                        Hexes/Fire                   3
   *Sticky Flame                      Conjuration/Fire             4
   Fireball                           Conjuration/Fire             5


   Skills:
 - Level 1.5 Dodging
 - Level 2.1 Stealth
 - Level 2.6 Spellcasting
 * Level 6.4 Conjurations
 * Level 6.0 Fire Magic


You had 3 spell levels left.
You knew the following spells:

 Your Spells              Type           Power        Failure   Level  Hunger
a - Flame Tongue          Conj/Fire      ###..        1%          1    #......
b - Conjure Flame         Conj/Fire      ###.....     6%          3    ###....
c - Sticky Flame          Conj/Fire      ###.....     17%         4    #####..


Dungeon Overview and Level Annotations

Branches:
Dungeon (4/15)
 Temple: D:4-7

Altars:
Okawaru

Annotations:
D:4 Duvessa; ghwc's ghost, average SpEE


Innate Abilities, Weirdness & Mutations

You are resistant to torment.
You are immune to poison.
Your stone body is very resilient (AC +4).
You resist negative energy.
You are resistant to electric shocks.
You can survive without breathing.
You are immune to petrification.
You are immune to rotting.


Message History

Aiming: Sticky Flame
Press: ? - help, Shift-Dir - straight line, f/p - Duvessa
Aim: Duvessa, wielding a short sword and wearing a slimy ring mail (moderately wounded, berserk, fast, unusually strong)
The sticky flame hits Duvessa.
Duvessa appears unharmed.
Duvessa is moderately wounded.
Duvessa is covered in liquid flames!
You are feeling very hungry.
Duvessa burns!
The adder misses you. Duvessa barely misses you.
Duvessa burns!
Duvessa hits you with a short sword! The adder bites you.
Duvessa burns!
Duvessa hits you with a short sword.
* * * LOW HITPOINT WARNING * * *
Duvessa burns!
Duvessa hits you but does no damage. The adder bites you but does no damage.
Duvessa burns!
Duvessa stops burning.
Duvessa rages.
Duvessa hits you but does no damage. The adder closely misses you.
Drink which item? (? for menu, Esc to quit)
That potion was really gluggy!
Duvessa hits you with a short sword.
You die...

##.......## #...#
#.........# ##....
##.........# #.....
#..........# #.....
#..........# #.....
#..........# #.....
#..........# ##.....
#.......%..###....##
#..@....%..##....###
#..Se......#....##
#..........)....####
#...................
#.............###.##
##............#.#.#.
##...........#.#.#.
###.........#.....
#.........#.....


You could see Duvessa (berserk) and an adder.

Vanquished Creatures
  The ghost of Krimnash the Firebug, an average GrFE (D:3)
  2 ogres (D:4)
  Blork the orc (D:4)
  Dowan (D:4)
  A hound (D:4)
  A worker ant (D:4)
  Ijyb (D:2)
  8 mummies (Ossuary)
  7 adders
  A giant mite (D:4)
  A worm (D:2)
  2 giant geckos
  An ooze (D:3)
  11 bats
  2 gnoll zombies (Ossuary)
  6 goblins
  14 hobgoblins
  7 kobolds
  A quokka (D:3)
  2 ball pythons
  5 giant cockroaches
  8 giant newts
  4 hobgoblin zombies (Ossuary)
  A kobold zombie (Ossuary)
  An orc zombie (Ossuary)
  2 quokka zombies (D:4)
  14 rats
106 creatures vanquished.

Notes
Turn   | Place    | Note
--------------------------------------------------------------
     0 | D:1      | Krimnash, the Gargoyle Fire Elementalist, began the quest for the Orb.
     0 | D:1      | Reached XP level 1. HP: 10/10 MP: 3/3
   449 | D:1      | Reached XP level 2. HP: 15/15 MP: 0/4
  1266 | D:1      | Reached XP level 3. HP: 19/19 MP: 4/6
  1281 | D:1      | Learned a level 3 spell: Conjure Flame
  1325 | D:2      | Found an iron altar of Okawaru.
  1630 | D:2      | Reached XP level 4. HP: 11/24 MP: 0/8
  1636 | D:2      | Learned a level 4 spell: Sticky Flame
  2056 | D:2      | Noticed Ijyb
  2172 | D:2      | Killed Ijyb
  2995 | D:3      | Reached XP level 5. HP: 28/28 MP: 4/9
  3046 | D:3      | Noticed Krimnash's ghost (average GrFE)
  3081 | D:3      | Killed Krimnash's ghost
  3081 | D:3      | Reached skill level 4 in Conjurations
  3081 | D:3      | Reached XP level 6. HP: 25/32 MP: 3/11
  3650 | D:4      | Noticed ghwc's ghost (average SpEE)
  3752 | D:4      | Noticed Blork the orc
  3764 | D:4      | Killed Blork the orc
  3764 | D:4      | Reached skill level 5 in Conjurations
  3888 | D:4      | Noticed Dowan
  3927 | D:4      | Reached skill level 5 in Fire Magic
  3941 | D:4      | Killed Dowan
  3941 | D:4      | Reached XP level 7. HP: 29/36 MP: 1/13
  3962 | D:4      | Found a sand-covered staircase.
  4082 | Ossuary  | Entered an ossuary
  4721 | D:4      | Reached skill level 6 in Conjurations
  4997 | D:4      | Noticed Duvessa
  5013 | D:4      | Slain by Duvessa

Action                   |  1- 3 |  4- 6 |  7- 9 || total
-------------------------+-------+-------+-------++-------
Melee: Unarmed           |    49 |       |       ||    49
       Whip              |       |       |     5 ||     5
 Cast: Flame Tongue      |    65 |    79 |    68 ||   212
       Sticky Flame      |       |     4 |     3 ||     7
       Conjure Flame     |       |     1 |       ||     1
Evoke: Wand              |       |       |     1 ||     1
  Use: Scroll            |     2 |     6 |       ||     8
       Potion            |       |       |     1 ||     1
  Eat: Chunk             |     3 |     9 |     3 ||    15
       Fruit             |       |       |     1 ||     1
